 Dungeon Crawl Stone Soup version 0.26.1-10-gdfb7c7de75 (webtiles) character file.

Game seed: 14661957791843772963

319 H0rd4k the Charlatan (level 6, -1/44 HPs)
             Began as a Human Artificer on Apr 1, 2021.
             Killed from afar by an orc wizard (7 damage)
             ... with a puff of flame
             ... on level 4 of the Dungeon.
             The game lasted 00:06:35 (4742 turns).

H0rd4k the Charlatan (Human Artificer)              Turns: 4742, Time: 00:06:36

Health: -1/44      AC:  3    Str: 20    XL:     6   Next: 74%
Magic:  6/6        EV: 13    Int: 11    God:
Gold:   176        SH:  0    Dex: 14    Spells: 5/5 levels left

rFire    . . .     SeeInvis .   e - +0 falchion
rCold    . . .     Faith    .   (no shield)
rNeg     . . .     Spirit   .   b - +0 leather armour
rPois    .         Reflect  .   (no helmet)
rElec    .         Harm     .   (no cloak)
rCorr    .         Rampage  .   (no gloves)
Will     .....                  (no boots)
Stlth    ++........             j - amulet of regeneration
HPRegen  0.54/turn              h - +6 ring of strength
MPRegen  0.10/turn              (no ring)

@: no status effects
A: no striking features
a: no special abilities


You were on level 4 of the Dungeon.
You visited 1 branch of the dungeon, and saw 4 of its levels.

You collected 176 gold pieces.

Inventory:

Hand Weapons
 e - a +0 falchion (weapon)
Armour
 b - a +0 leather armour (worn)
Magical Staves
 a - an uncursed staff of cold {unknown}
Jewellery
 h - a +6 ring of strength (left hand)
 j - an amulet of regeneration (around neck)
Wands
 c - a wand of flame (3) (quivered)
 d - a wand of enslavement (10)
 o - a wand of paralysis (3)
Scrolls
 f - 2 scrolls of amnesia {unknown}
 g - a scroll of random uselessness {unknown}
 m - 4 scrolls of teleportation {unknown}
 n - a scroll of identify {unknown}
Potions
 i - 3 potions of flight {unknown}
 k - a potion of might {unknown}
 l - a potion of berserk rage {unknown}


   Skills:
 + Level 2.2 Fighting
 + Level 1.2(1.4) Short Blades
 + Level 1.0(1.3) Long Blades
 + Level 3.2 Armour
 + Level 2.8 Dodging
 + Level 2.4 Stealth
 + Level 4.4 Evocations


You had 5 spell levels left.
You didn't know any spells.
Your spell library was empty.

Dungeon Overview and Level Annotations

Branches:
Dungeon (4/15)
 Temple: D:4-7

Altars:
Makhleb
Yredelemnul

Annotations:
D:3 exclusion: ogre


Message History

* * * LOW HITPOINT WARNING * * *
You closely miss the orc wizard.
The orc wizard is severely wounded.
The orc wizard hits you with a cursed -1 dagger.
* * * LOW HITPOINT WARNING * * *
The orc wizard barely misses you.
You closely miss the orc wizard.
The orc wizard is severely wounded.
The orc wizard hits you but does no damage.
The orc wizard completely misses you.
You riposte.
You closely miss the orc wizard.
The orc wizard is severely wounded.
You barely miss the orc wizard.
The orc wizard is severely wounded.
The orc wizard hits you with a cursed -1 dagger.
* * * LOW HITPOINT WARNING * * *
A jackal comes into view.
The orc wizard casts a spell at you. The puff of flame hits you!
You die...

#.###.# ##### #...h........
.#.##.. ...# #....h.......
...##.#####.###...o..?.....
#..##.....................#
..[##..####.##.............
............##..o..........
....#.......##.#o########.#
........##.....#o# ?#
........########@#
##........ #.#
##.....###.#............
.......# #............
#####..# #............
.....>.# #........###.
###.##.# #......... .#....
# #.#.)...#.# .....#
#.#.....#.#


You could see 2 orc wizards, 2 orcs and a jackal (wandering).

Vanquished Creatures
  Sigmund (D:2)
  An orc priest (D:3)
  8 adders
  2 oozes
  A worm (D:2)
  A dart slug (D:1)
  A leopard gecko (D:1)
  An orc (D:3)
  3 giant cockroaches
  16 hobgoblins
  3 jackals
  3 quokkas
  3 bats
  5 frilled lizards
  11 goblins
  5 kobolds
  9 rats
74 creatures vanquished.

Vanquished Creatures (collateral kills)
  An adder (D:3)
  2 orcs (D:3)
  A hobgoblin (D:2)
  2 kobolds (D:2)
  A rat (D:2)
7 creatures vanquished.

Grand Total: 81 creatures vanquished

Notes
Turn   | Place    | Note
-------+----------+-------------------------------------------
     0 | D:1      | H0rd4k the Human Artificer began the quest for the Orb.
     0 | D:1      | Reached XP level 1. HP: 15/15 MP: 1/1
   369 | D:1      | Reached XP level 2. HP: 12/21 MP: 2/2
   936 | D:1      | You fall into a shaft and drop 1 floor!
   977 | D:2      | Reached XP level 3. HP: 13/26 MP: 3/3
  1080 | D:2      | Found a basalt altar of Yredelemnul.
  1839 | D:2      | Reached XP level 4. HP: 32/32 MP: 4/4
  1849 | D:2      | Noticed Sigmund
  1878 | D:2      | Killed Sigmund
  1879 | D:2      | Reached skill level 4 in Evocations
  1879 | D:2      | Reached XP level 5. HP: 25/38 MP: 5/5
  1879 | D:2      | Reached XP level 6. HP: 29/44 MP: 6/6
  2866 | D:2      | Found a burning altar of Makhleb.
  3564 | D:3      | Reached skill level 1 in Short Blades
  4204 | D:3      | Noticed an ogre
  4288 | D:3      | Found a faded altar of an unknown god.
  4737 | D:4      | Reached skill level 1 in Long Blades
  4742 | D:4      | Killed from afar by an orc wizard

Illustrated notes

Levels and vault maps discovered:
D:1:      co_arrival_two_rings, layout_basic, st_stairs_11, minmay_hexomino_f4
D:2:      cheibrodos_greedy_goblins, layout_basic,
          nicolae_overflow_crystal_walls, old_standard_altar,
          kennysheep_generic_room_4, uniq_sigmund
D:3:      layout_loops_corners, chequers_ecumenical_altar_island
D:4:      layout_basic, kennysheep_nub, kennysheep_doodads

Skill      XL: |  1  2  3  4  5  6 |
---------------+-------------------+-----
Fighting       | 2 |  2.2
Dodging        | 2 |  2.8
Stealth        | 2 |  2.4
Evocations     | 4 |  4.4
Armour         | 3 |  3.2
Short Blades   | 1 |  1.2
Long Blades    | 1 |  1.0

Action                   |  1- 3 |  4- 6 || total
-------------------------+-------+-------++-------
Melee: Club              |   115 |       ||   115
       Dagger            |    16 |   110 ||   126
       Falchion          |       |    86 ||    86
Evoke: Wand              |     9 |    23 ||    32
  Use: Potion            |     1 |       ||     1
       Scroll            |       |     1 ||     1
 Stab: Sleeping          |     3 |     4 ||     7
       Betrayed ally     |     1 |       ||     1
Armor: Leather armour    |    38 |    26 ||    64
Dodge: Dodged            |   103 |   117 ||   220
       Rpst.: Falchion   |       |    14 ||    14
